 Dungeon Crawl Stone Soup version 0.30-a0-241-g1121274140 (webtiles) character file.

Game seed: 16191277710759711922

2065 qw the Cleaver (level 9, -1/55 HPs)
             Began as a Gargoyle Fighter on Oct 10, 2022.
             Was a Follower of Okawaru.
             Slain by a wight
             ... wielding a +3 great sword
              (5 damage)
             ... on level 6 of the Dungeon.
             The game lasted 00:02:18 (5470 turns).

qw the Cleaver (Gargoyle Fighter)                   Turns: 5470, Time: 00:02:18

Health: -1/55      AC: 20    Str: 31    XL:     9   Next: 26%
Magic:  9/11       EV: 10    Int:  8    God:    Okawaru [*.....]
Gold:   326        SH:  5    Dex:  9    Spells: 8/8 levels left

rFire   . . .      SeeInvis .    Y - +2 war axe
rCold   . . .      Faith    .    c - +0 buckler
rNeg    + . .      Spirit   .    n - +0 chain mail
rPois   inf        Reflect  .    (no helmet)
rElec   +          Harm     .    i - +1 cloak
rCorr   .          Rampage  .    (no gloves)
Will    +....                    (no boots)
Stlth   ..........               (no amulet)
HPRegen 0.29/turn                l - +6 ring of strength
MPRegen 0.12/turn                r - ring of willpower

@: about to teleport, heroic
A: sickness immunity, AC +6, negative energy resistance 1, electricity
resistance, torment resistance 1, petrification resistance
a: Renounce Religion, Heroism


You were on level 6 of the Dungeon.
You worshipped Okawaru.
Okawaru was aware of your devotion.
You visited 2 branches of the dungeon, and saw 8 of its levels.

You collected 326 gold pieces.


Innate Abilities, Weirdness & Mutations

You are immune to sickness and miasma.
Your stone body is resilient. (AC +6)
You are immune to poison.
You resist negative energy. (rN+)
You are resistant to electric shocks. (rElec)
You are resistant to unholy torment.
You are immune to petrification.


   Skills:
 - Level 6.0(11.0) Fighting
 - Level 9.0(14.0) Axes
 - Level 2.0(7.0) Throwing
 + Level 3.9(8.9) Armour
 - Level 1.2(6.2) Dodging
 - Level 3.6(8.6) Shields
 + Level 3.3 Invocations


You had 8 spell levels left.
You didn't know any spells.
Your spell library was empty.

Inventory:

Hand Weapons
 t - a +0 morningstar
 Y - a +2 war axe (weapon)
Missiles
 p - 5 boomerangs (quivered)
Armour
 c - a +0 buckler (worn)
 i - a +1 cloak (worn)
 n - a +0 chain mail (worn)
Jewellery
 l - a +6 ring of strength (left hand)
 r - a ring of willpower (right hand)
Scrolls
 g - 4 scrolls of teleportation
 k - a scroll of identify
Potions
 a - a potion of lignification
 d - a potion of might
 j - a potion of resistance
 o - 4 potions of curing
 q - a potion of cancellation {unknown}
 s - a potion of attraction {unknown}

Dungeon Overview and Level Annotations

Branches:
Dungeon (7/15)             Temple (1/1) D:5

Altars:
Ashenzari
Cheibriados
Dithmenos
Gozag
Hepliaklqana
Makhleb
Nemelex Xobeh
Okawaru
Qazlal
Ru
Sif Muna
Uskayaw
Wu Jian
Xom


Message History

The wight hits you but does no damage.
There is a stone staircase leading up here.
5462 ||| STAIRDANCE The wight barely misses you.
The wight hits you with a +0 war axe. You block the wight's attack.
You climb upwards.
You feel like a meek peon again.
There is a stone staircase leading down here.
You hit the wight but do no damage. x2
The wight hits you with a +0 falchion. The wight hits you with a +0 war axe!
You slash the wight!
You destroy the wight!
Okawaru accepts your kill.
You slash the wight! The wight hits you but does no damage.
Your Invocations skill increases to level 3!
You hit the wight.
The wight is almost destroyed.
You closely miss the wight. The wight hits you with a +0 war axe!
The wight hits you with a +3 great sword!
The wight hits you with a +0 war axe!
The wight hits you with a +3 great sword!
5467 ||| READING 5 scrolls of teleportation.
As you read the scroll of teleportation, it crumbles to dust.
You feel strangely unstable. The wight hits you but does no damage.
The wight hits you with a +3 great sword.
5468 ||| INVOKING Heroism.
You gain the combat prowess of a mighty hero.
The wight closely misses you.
The wight hits you with a +3 great sword.
You slash the wight!
You destroy the wight!
Okawaru accepts your kill.
You slash the wight! You closely miss the wight.
The wight is almost destroyed.
The wight hits you with a +3 great sword.
You die...

#.# #.#
############# #.#
#.# ### #.# #.#
..#####.####.#
.............#
..#####.##########
.## #..........#
.# ##########z#
.###### #@#
......# ########)#
...##.# #........#
##.##.# #.########
##.##.# #:# ##
#.#.#.###.# #.
.###......# #.
#.#.#.###.#
############# #.
##.##.# #.#
#....?......# ###.


You could see a wight.

Vanquished Creatures
  Grinder (D:5)
  A vampire (D:6)
  Menkaure (D:5)
  An orc warrior (D:6)
  A sky beast (D:6)
  2 ogres (D:6)
  A phantom (D:4)
  A bullfrog (D:6)
  2 necrophages
  A scorpion (D:6)
  3 wights (D:6)
  5 hounds
  A jelly (D:6)
  An orc priest (D:5)
  Natasha (thrice) (D:3)
  3 iguanas
  7 orc wizards
  9 adders
  4 gnolls
  A shadow imp (D:4)
  A worm (D:2)
  2 dart slugs (D:3)
  22 orcs
  9 ball pythons
  7 endoplasms
  3 giant cockroaches
  7 goblins
  14 hobgoblins
  8 jackals
  7 kobolds
  A quokka (D:4)
  6 bats
  4 frilled lizards
  4 rats
144 creatures vanquished.

Notes
Turn   | Place    | Note
-------+----------+-------------------------------------------
     0 | D:1      | qw the Gargoyle Fighter began the quest for the Orb.
     0 | D:1      | Reached XP level 1. HP: 14/14 MP: 1/1
     0 | D:1      | 0 ||| qw: Version: 0.2-a-17-g06abaee
     0 | D:1      | 0 ||| qw: Game counter: 2373
     0 | D:1      | 0 ||| qw: Always use a shield: true
     0 | D:1      | 0 ||| qw: God list: Okawaru
     0 | D:1      | 0 ||| qw: Allow faded altars: false
     0 | D:1      | 0 ||| qw: Do Orc after D:15 true
     0 | D:1      | 0 ||| qw: Do second Lair branch before Depths: true
     0 | D:1      | 0 ||| qw: Lair rune preference: random
     0 | D:1      | 0 ||| qw: Plans: Normal, Zot:1-4, God:TSO, Crypt, Tomb,
                  | Pan, Slime:5, Hells, Abyss, Orb
     0 | D:1      | 0 ||| PLANNING D:1-11
    31 | D:1      | Reached skill level 2 in Axes
   115 | D:1      | Reached XP level 2. HP: 19/19 MP: 2/2
   198 | D:1      | Reached skill level 3 in Axes
   215 | D:1      | 215 ||| Stepping ~*~*~tactically~*~*~ (stealth).
   222 | D:1      | Reached XP level 3. HP: 22/23 MP: 3/3
   239 | D:1      | 239 ||| Stepping ~*~*~tactically~*~*~ (stealth).
   533 | D:1      | 533 ||| UPGRADING to +0 cloak.
   538 | D:1      | 538 ||| READING scroll labelled KUTOCY OXOIDOTZO.
   539 | D:1      | 539 ||| READING scroll labelled HERER ELUR.
   732 | D:2      | Reached XP level 4. HP: 25/28 MP: 4/4
   770 | D:2      | 770 ||| Stepping ~*~*~tactically~*~*~ (stealth).
   773 | D:2      | 773 ||| Stepping ~*~*~tactically~*~*~ (stealth).
   791 | D:2      | Found a faded altar of an unknown god.
   848 | D:2      | Reached skill level 4 in Axes
   952 | D:2      | 952 ||| Stepping ~*~*~tactically~*~*~ (stealth).
   986 | D:2      | 986 ||| Stepping ~*~*~tactically~*~*~ (stealth).
  1022 | D:2      | 1022 ||| Stepping ~*~*~tactically~*~*~ (stealth).
  1023 | D:2      | 1023 ||| Stepping ~*~*~tactically~*~*~ (stealth).
  1194 | D:2      | 1194 ||| Stepping ~*~*~tactically~*~*~ (stealth).
  1600 | D:2      | 1600 ||| UPGRADING to +6 ring of strength.
  1601 | D:2      | 1601 ||| READING scroll labelled JARRAF MUIDI.
  1602 | D:2      | 1602 ||| READING scroll labelled JESTIO PIOSIBB.
  1603 | D:2      | 1603 ||| DRINKING 2 purple potions.
  1735 | D:3      | Reached XP level 5. HP: 32/32 MP: 5/5
  1737 | D:3      | 1737 ||| Stepping ~*~*~tactically~*~*~ (hiding).
  1913 | D:3      | Found a sparkling altar of Nemelex Xobeh.
  1931 | D:3      | Noticed Natasha
  1939 | D:3      | Killed Natasha
  1940 | D:3      | Reached skill level 5 in Axes
  2138 | D:3      | Noticed Natasha
  2139 | D:3      | 2139 ||| Stepping ~*~*~tactically~*~*~ (hiding).
  2144 | D:3      | Killed Natasha
  2145 | D:3      | Reached skill level 1 in Dodging
  2418 | D:3      | Noticed Natasha
  2424 | D:3      | Killed Natasha
  2425 | D:3      | Reached XP level 6. HP: 36/38 MP: 6/6
  2518 | D:3      | 2518 ||| UPGRADING to +0 chain mail.
  2528 | D:3      | 2528 ||| DROPPING +0 scale mail.
  2529 | D:3      | 2529 ||| READING scroll labelled QIM RILEATUR.
  2530 | D:3      | 2530 ||| READING 2 scrolls labelled JETYGA LOBELAI.
  2531 | D:3      | 2531 ||| READING scroll labelled LULYMMYBUO.
  2532 | D:3      | 2532 ||| READING 2 scrolls labelled DAOR ADUOTUQO.
  2533 | D:3      | 2533 ||| READING scroll labelled DANEAXY MUTTEC.
  2534 | D:3      | 2534 ||| DRINKING 2 bubbling dark potions.
  2535 | D:3      | 2535 ||| DROPPING scroll of vulnerability.
  2560 | D:4      | 2560 ||| STAIRDANCE
  2593 | D:4      | 2593 ||| FLEEEEING.
  2594 | D:4      | 2594 ||| FLEEEEING.
  2595 | D:4      | 2595 ||| STAIRDANCE
  2660 | D:4      | 2660 ||| STAIRDANCE
  2676 | D:4      | 2676 ||| STAIRDANCE
  2731 | D:4      | 2731 ||| Stepping ~*~*~tactically~*~*~ (stealth).
  2732 | D:4      | 2732 ||| Stepping ~*~*~tactically~*~*~ (stealth).
  2776 | D:4      | 2776 ||| Stepping ~*~*~tactically~*~*~ (stealth).
  2819 | D:4      | 2819 ||| Stepping ~*~*~tactically~*~*~ (hiding).
  2821 | D:4      | 2821 ||| Stepping ~*~*~tactically~*~*~ (stealth).
  2829 | D:4      | Reached skill level 6 in Axes
  2829 | D:4      | Reached XP level 7. HP: 43/43 MP: 7/7
  3262 | D:4      | 3262 ||| READING scroll of enchant armour.
  3262 | D:4      | 3262 ||| ENCHANTING +0 cloak.
  3328 | D:5      | Entered Level 5 of the Dungeon
  3330 | D:5      | 3330 ||| STAIRDANCE
  3336 | D:5      | 3336 ||| STAIRDANCE
  3351 | D:5      | Reached skill level 7 in Axes
  3427 | D:5      | 3427 ||| READING scroll of enchant weapon.
  3427 | D:5      | 3427 ||| ENCHANTING +1 war axe.
  3493 | D:5      | 3493 ||| Stepping ~*~*~tactically~*~*~ (stealth).
  3600 | D:5      | 3600 ||| Stepping ~*~*~tactically~*~*~ (stealth).
  3620 | D:5      | Noticed Grinder
  3621 | D:5      | 3621 ||| Stepping ~*~*~tactically~*~*~ (hiding).
  3631 | D:5      | Killed Grinder
  3632 | D:5      | Reached skill level 6 in Fighting
  3632 | D:5      | Reached XP level 8. HP: 44/51 MP: 8/8
  3697 | D:5      | Noticed Menkaure
  3700 | D:5      | Killed Menkaure
  3887 | D:5      | 3887 ||| Stepping ~*~*~tactically~*~*~ (hiding).
  3888 | D:5      | 3888 ||| Stepping ~*~*~tactically~*~*~ (hiding).
  3891 | D:5      | Found a staircase to the Ecumenical Temple.
  3892 | D:5      | 3892 ||| PLANNING TEMPLE
  3997 | D:5      | 3997 ||| UPGRADING to ring of willpower.
  3998 | D:5      | 3998 ||| READING scroll labelled GIGEEW CIDI.
  3999 | D:5      | 3999 ||| READING 3 scrolls labelled ROIF QI TOYM.
  4000 | D:5      | 4000 ||| READING 2 scrolls of identify.
  4000 | D:5      | 4000 ||| IDENTIFYING black potion
  4001 | D:5      | 4001 ||| DROPPING 2 scrolls of summoning.
  4010 | Temple   | Entered the Ecumenical Temple
  4181 | Temple   | 4181 ||| PLANNING OKAWARU WORSHIP
  4187 | Temple   | Became a worshipper of Warmaster Okawaru
  4188 | Temple   | 4188 ||| PLANNING D:1-11
  4323 | D:5      | 4323 ||| DRINKING 2 fuming dark potions.
  4324 | D:5      | 4324 ||| DROPPING potion of flight.
  4419 | D:6      | 4419 ||| Stepping ~*~*~tactically~*~*~ (stealth).
  4424 | D:6      | 4424 ||| Stepping ~*~*~tactically~*~*~ (hiding).
  4426 | D:6      | 4426 ||| Stepping ~*~*~tactically~*~*~ (stealth).
  4436 | D:6      | 4436 ||| Stepping ~*~*~tactically~*~*~ (stealth).
  4463 | D:6      | 4463 ||| DROPPING +4 flail.
  4492 | D:6      | 4492 ||| Stepping ~*~*~tactically~*~*~ (hiding).
  4514 | D:6      | Reached skill level 8 in Axes
  4516 | D:6      | HP: 10/51 [orc/+0 dagger (4)]
  4517 | D:6      | 4517 ||| READING 3 scrolls of teleportation.
  4518 | D:6      | 4518 ||| DRINKING potion of heal wounds.
  4671 | D:6      | 4671 ||| Stepping ~*~*~tactically~*~*~ (stealth).
  4681 | D:6      | Reached * piety under Okawaru
  4710 | D:6      | Noticed a vampire
  4711 | D:6      | 4711 ||| Stepping ~*~*~tactically~*~*~ (stealth).
  4719 | D:6      | 4719 ||| INVOKING Heroism.
  4720 | D:6      | 4720 ||| INVOKING Heroism.
  4799 | D:6      | Killed a vampire
  4800 | D:6      | Reached skill level 9 in Axes
  4800 | D:6      | Reached XP level 9. HP: 43/55 MP: 8/10
  4954 | D:6      | Found a stormy altar of Qazlal.
  4954 | D:6      | Found a shadowy altar of Dithmenos.
  5355 | D:6      | 5355 ||| DROPPING ring of wizardry.
  5356 | D:6      | 5356 ||| READING scroll labelled JAISEGHEQEY.
  5357 | D:6      | 5357 ||| DRINKING 5 inky potions.
  5358 | D:6      | 5358 ||| READING 3 scrolls of identify.
  5358 | D:6      | 5358 ||| IDENTIFYING golden potion
  5359 | D:6      | 5359 ||| READING 2 scrolls of identify.
  5359 | D:6      | 5359 ||| IDENTIFYING viscous orange potion
  5360 | D:6      | 5360 ||| DROPPING potion of degeneration.
  5361 | D:6      | 5361 ||| DROPPING potion of brilliance.
  5441 | D:7      | 5441 ||| INVOKING Heroism.
  5442 | D:7      | 5442 ||| STAIRDANCE
  5462 | D:7      | 5462 ||| STAIRDANCE
  5466 | D:6      | Reached skill level 3 in Invocations
  5466 | D:6      | HP: 9/55 [wight/+3 great sword (8)]
  5467 | D:6      | 5467 ||| READING 5 scrolls of teleportation.
  5468 | D:6      | 5468 ||| INVOKING Heroism.
  5468 | D:6      | HP: 4/55 [wight/+3 great sword (3)]
  5470 | D:6      | Slain by a wight

Levels and vault maps discovered:
D:1:      amcnicky_arrival_feature_with_door, layout_basic
D:2:      layout_loops_corners, shapermc_ecumenical_altar_mp_highgroup,
          grunt_ministairs_13, guppyfry_early_orc_mine
D:3:      minmay_evil_eye, layout_basic, nemelex_spade_bored_becter,
          minmay_misc_feat_cross, uniq_natasha
D:4:      layout_cave_pools, serial_column_ruins, column_ruins_columns_straight,
          column_ruins_columns_straight, column_ruins_grid_1,
          column_ruins_open_medium_water, dreamdust_princess_corridor,
          minmay_misc_feat_tower, kennysheep_generic_room_11
D:5:      layout_loops_cross, minmay_temple_entry_statues, minivault_25,
          minivault_19, st_stairs_9, uniq_grinder, uniq_menkaure
D:6:      layout_loops_ring, gammafunk_temple_overflow_elements
D:7:      layout_loops_corners, gammafunk_temple_overflow_forgotten,
          enter_bailey_7, gammafunk_ghost_necromancy
Temple:   grunt_temple_mini_profane

Skill      XL: |  1  2  3  4  5  6  7  8  9 |
---------------+----------------------------+-----
Axes           | 2 3 4 5 6 7 9 |  9.0
Dodging        | 1 |  1.2
Fighting       | 4 6 |  6.0
Throwing       | 2 |  2.0
Invocations    | 2 3 |  3.3
Armour         | |  3.9
Shields        | |  3.6

Action                   |  1- 3 |  4- 6 |  7- 9 || total
-------------------------+-------+-------+-------++-------
Melee: War axe           |    99 |   183 |   168 ||   450
Throw: Boomerang         |       |    17 |    42 ||    59
Invok: Heroism           |       |       |     3 ||     3
  Use: Scroll            |     2 |     7 |    10 ||    19
       Potion            |       |     2 |     3 ||     5
Armor: Scale mail        |    49 |    42 |       ||    91
       Chain mail        |       |    64 |    79 ||   143
Dodge: Dodged            |    51 |    72 |    52 ||   175
Block: Buckler           |    14 |    36 |    24 ||    74

Table legend:
 A = Non-vault XP
 B = Vault XP
 C = Vault XP percentage of total XP
 D = Non-vault monster count
 E = Vault monster count
 F = Vault count percentage of total count
                 A         B        C        D         E       F
            +---------+---------+-------+---------+---------+-------
      Total |    2421 |     529 |  17.9 |     126 |      18 |  12.5
            +---------+---------+-------+---------+---------+-------
        D:1 |      67 |       0 |   0.0 |      31 |       0 |   0.0
        D:2 |      62 |      17 |  21.5 |      14 |       8 |  36.4
        D:3 |     238 |      52 |  17.9 |      21 |       4 |  16.0
        D:4 |     402 |       3 |   0.7 |      22 |       2 |   8.3
        D:5 |     332 |     457 |  57.9 |      12 |       4 |  25.0
        D:6 |    1320 |       0 |   0.0 |      26 |       0 |   0.0
            +---------+---------+-------+---------+---------+-------
